 Dungeon Crawl Stone Soup version 0.29-a0-284-gf9362112df (webtiles) character file.

Game seed: 15962341366590357386

965 spaghetti the Covert (level 8, -3/54 HPs)
             Began as an Octopode Delver on Mar 21, 2022.
             Was a Priest of Ru.
             Succumbed to a water moccasin's poison
             ... on level 5 of the Dungeon.
             The game lasted 00:09:23 (6268 turns).

spaghetti the Covert (Octopode Delver)              Turns: 6268, Time: 00:09:23

Health: -3/54      AC:  1    Str: 11    XL:     8   Next: 15%
Magic:  8/8        EV: 13    Int: 13    God:    Ru [***...]
Gold:   270        SH:  0    Dex: 15    Spells: 7/7 levels left

rFire   . . .      SeeInvis .   a - +0 short sword (flame) {short}
rCold   . . .      Faith    +   (no shield)
rNeg    . . .      Spirit   .   (helmet restricted)
rPois   .          Reflect  .   l - amulet of faith {!P}
rElec   .          Harm     .   v - ring of wizardry
rCorr   .          Rampage  .   (no ring)
Will    .....                   (no ring)
Stlth   +++++++...              (no ring)
HPRegen 0.18/turn               (no ring)
MPRegen 0.11/turn               (no ring)
                                (no ring)
                                (no ring)

@: lethally poisoned (-3 -> -27)
A: almost no armour, amphibious, 8 rings, camouflage 1, gelatinous body 1,
inability to use devices, cowardly, (nimble swimmer 1), tentacles
a: Renounce Religion, Draw Out Power


You were on level 5 of the Dungeon.
You worshipped Ru.
Ru was most pleased with you.
You visited 1 branch of the dungeon, and saw 6 of its levels.

You collected 270 gold pieces.


Innate Abilities, Weirdness & Mutations

You cannot wear most types of armour.
You are amphibious.
You can wear up to eight rings at the same time.
Your skin changes colour to match your surroundings (Stealth+).
Your rubbery body absorbs attacks. (AC +1, EV +1)
You cannot study or use magical devices.
Your cowardice makes you less effective in combat with threatening foes.
((You are camouflaged when in or above water. (Stealth+)))
You have tentacles for arms and can constrict up to eight enemies at once.


   Skills:
 - Level 4.1 Fighting
 - Level 2.0 Short Blades
 - Level 2.0 Dodging
 + Level 13.7 Stealth


You had 7 spell levels left.
You didn't know any spells.
Your spell library contained the following spells:

 Spells                   Type           Power      Damage    Failure   Level
 Sublimation of Blood     Necr           0%         N/A       19%         2
 Ignite Poison            Fire/Tmut/Pois 0%         N/A       34%         3
 Mephitic Cloud           Conj/Pois/Air  0%         N/A       34%         3
 Petrify                  Tmut/Erth      0%         N/A       73%         4
 Freezing Cloud           Conj/Ice/Air   0%         6-21      96%         5
 Irradiate                Conj/Tmut      0%         3d13      96%         5

Inventory:

Hand Weapons
 a - a +0 short sword of flaming (weapon) {short}
Missiles
 g - 177 stones (quivered) {throwing}
 i - 2 javelins {throwing}
 u - 2 throwing nets {=f!fthrowing}
Armour
 n - a +1 tower shield
   (You found it on level 1 of the Dungeon)
Jewellery
 l - an amulet of faith (around mantle) {!P}
   (You found it on level 5 of the Dungeon)
 q - an amulet of reflection
   (You found it on level 2 of the Dungeon)
 v - a ring of wizardry (left tentacle)
   (You found it on level 6 of the Dungeon)
Wands
 f - a wand of digging (3)
 s - a wand of mindburst (18)
   (You found it on level 5 of the Dungeon)
Scrolls
 b - 3 scrolls of fog
 d - 3 scrolls of fear
 k - 4 scrolls of teleportation {@r4}
 m - 2 scrolls of enchant weapon
 p - 2 scrolls of blinking {!r}
Potions
 e - a potion of haste {@q3}
 h - a potion of curing {@q1}
 j - 2 potions of attraction {!q}
 o - a potion of resistance
 r - a potion of magic {unknown}
 t - 2 potions of mutation {unknown}

Dungeon Overview and Level Annotations

Branches:
Dungeon (6/15)             Temple (0/1) D:5

Altars:
Cheibriados
Elyvilon
Gozag
Kikubaaqudgha
Nemelex Xobeh
Okawaru
Qazlal
Ru
Sif Muna
Uskayaw

#≈....§.....§...≈#..####
#≈≈≈≈≈≈≈..≈§≈≈≈≈≈#.## #
########''########).# ##
###...### ###...###.
##.......###......#..
##..............).....
##...........####...#..
####...........##
##..###.
#####.......S@)....#
#...# ##
####.....#.<..........#
#..### #
....#####............##
##>.#.## .....##
#............# #..##..##
.8....###............#
#..#....#
.......###.....[....##
##........
.......####.........#
#.........
........####........#
#.........
.........#####.....##
##.........


You could see a water moccasin.


Message History

a +0 dagger {short}; a +0 robe You hear the slow rusting of a very distant drain. 😮 HP[+1]
A steam dragon comes into view.
The steam dragon moves out of view.
A steam dragon is nearby! 😮 HP[+1] Unknown command.
Okay, then. 😮 HP[+1] 😕 HP[+1]
You feel a twist of horror at the sight of this foe.
A wight comes into view.
It is wielding a +1 scimitar of freezing.
The steam dragon hisses angrily.
The steam dragon breathes steam at you. The ball of steam misses you.
You hear an angry hiss.
You feel a twist of horror at the sight of this foe.
Unknown command.
You feel a twist of horror at the sight of this foe. 😕 HP[+1]
You feel a twist of horror at the sight of this foe.
You open the door.
You feel a twist of horror at the sight of this foe.
There is an open door here.
The steam dragon attacks as you move away!
The steam dragon barely misses you. x2
An iguana comes into view.
You feel a twist of horror at the sight of this foe. 😕 HP[+1]
You hit the steam dragon but do no damage.
You tentacle-slap the steam dragon.
You redirect the steam dragon's attack!
The steam dragon bites itself but does no damage.
The steam dragon misses itself.
You catch the helpless steam dragon completely off-guard!
You puncture the steam dragon! You burn the steam dragon.
You squeeze the steam dragon!
You redirect the steam dragon's attack!
The steam dragon misses you. The steam dragon barely misses you.
You feel a twist of horror at the sight of this foe.
You hit the steam dragon but do no damage.
You squeeze the steam dragon. The steam dragon misses you.
The steam dragon claws you.
You reel with horror at the sight of these foes! 😮 HP[-5]
You take 5 damage, and now have 38/54 hp.
Okay, then.
Okay, then.
Really read
p - 3 scrolls of blinking {!r}?
Blink to where?
Press: ? - help, Dir - move target
As you read the scroll of blinking {!r}, it crumbles to dust.
An orc comes into view. It is wielding a +0 dagger.
The orc shouts!
The orc moves out of view.
An orc comes into view. It is wielding a +0 club. 😮 HP[+1]
An orc and an orc priest come into view.
An orc comes into view. It is wielding a +0 hand axe.
You feel a twist of horror at the sight of this foe.
You reel with horror at the sight of these foes!
Found a stone staircase leading up.
An iguana comes into view. 😮 HP[+1]
The orc shouts!
You feel a twist of horror at the sight of this foe. 😕 HP[+1]
The iguana hisses menacingly.
You feel a twist of horror at the sight of this foe.
You hear a distant slurping noise.
You feel a twist of horror at the sight of this foe. 😕 HP[+1]
You hear the slow rusting of a very distant drain.
You feel a twist of horror at the sight of this foe. 😕 HP[+1]
The water moccasin bites you! 😮 HP[-9]
You take 9 damage, and now have 34/54 hp.
You feel a twist of horror at the sight of this foe.
The water moccasin bites you.
You are poisoned.
The water moccasin poisons you! 😮 HP[-6]
You take 6 damage, and now have 28/54 hp.
You feel very sick. The water moccasin bites you.
* * * LOW HITPOINT WARNING * * *
You are lethally poisoned!
The water moccasin poisons you!
There is a stone staircase leading up here. 😨 HP[-8]
You take 8 damage, and now have 20/54 hp.
Unknown command.
* * * LOW HITPOINT WARNING * * *
You feel extremely sick. The water moccasin bites you!
* * * LOW HITPOINT WARNING * * *
You climb upwards.
You die...

Skill      XL: |  1  2  3  4  5  6  7 |
---------------+----------------------+-----
Fighting       | 4 |  4.1
Stealth        | 7 8 9 11 13 | 13.7
Short Blades   | |  2.0
Dodging        | |  2.0

Action                   |  1- 3 |  4- 6 |  7- 9 || total
-------------------------+-------+-------+-------++-------
Melee: Short sword       |     2 |   156 |    76 ||   234
       Constrict         |       |    32 |    17 ||    49
       Tentacles         |       |    32 |    22 ||    54
       Punch             |       |     1 |     4 ||     5
Throw: Stone             |       |    62 |     6 ||    68
Invok: Sacrifice Artific |       |     1 |       ||     1
       Sacrifice Courage |       |       |     1 ||     1
  Use: Scroll            |       |     4 |     5 ||     9
       Potion            |       |     2 |     4 ||     6
 Stab: Sleeping          |     2 |    20 |     2 ||    24
       Distracted        |       |     1 |     1 ||     2
Armor: Skin              |       |     4 |     4 ||     8
Dodge: Dodged            |       |    65 |    60 ||   125
Block: Other             |       |    19 |     7 ||    26
       Reflection        |       |     1 |       ||     1

Levels and vault maps discovered:
D:1:      minmay_arrival_split_and_join, layout_loops_ring,
          hangedman_feature_mirror, minmay_door_square
D:2:      layout_rooms, serial_bayou, serial_bayou_pond_e, serial_bayou_pond_b,
          serial_bayou_pond_e, serial_bayou_shore_a, basic_altar, uniq_natasha
D:3:      layout_loops_ring, grunt_temple_overflow_opulence,
          nicolae_uskayaw_dance_hall, hellmonk_ecumenical_altar_crossroads
D:4:      layout_rooms, nicolae_ossuary_entry_false_entrances, st_stairs_6,
          minmay_misc_feat_columns, minmay_lizard_king
D:5:      layout_cave_pods, grunt_temple_overflow_open,
          minmay_temple_entry_proselytizer, serial_column_ruins,
          column_ruins_grid_2, column_ruins_open_small, column_ruins_open_tiny,
          column_ruins_columns_dead_end, column_ruins_open_tiny,
          column_ruins_open_medium, column_ruins_grid_1, kennysheep_dice
D:6:      layout_basic, cheibrodos_sewer_entry_bend, guppyfry_early_elven_hall

Notes
Turn   | Place    | Note
-------+----------+-------------------------------------------
     0 | D:5      | spaghetti the Octopode Delver began the quest for the Orb.
     0 | D:5      | Reached XP level 1. HP: 16/16 MP: 1/1
     0 | D:5      | magus.rc [v1.9.6]
    42 | D:5      | Noticed an iguana
    46 | D:5      | Killed an iguana
    47 | D:5      | Reached skill level 4 in Fighting
    47 | D:5      | Reached XP level 2. HP: 22/22 MP: 2/2
    47 | D:5      | Reached XP level 3. HP: 27/27 MP: 3/3
    47 | D:5      | Found an iron altar of Okawaru.
    48 | D:5      | Found a sacrificial altar of Ru.
    52 | D:5      | Found an ancient bone altar of Kikubaaqudgha.
    53 | D:5      | Found a shimmering blue altar of Sif Muna.
    54 | D:5      | Found a stormy altar of Qazlal.
    54 | D:5      | Found a white marble altar of Elyvilon.
    55 | D:5      | Found a snail-covered altar of Cheibriados.
    57 | D:5      | Noticed a scorpion
    62 | D:5      | Became a worshipper of Ru the Awakened
    73 | D:5      | Killed a scorpion
    74 | D:5      | Reached skill level 7 in Stealth
    74 | D:5      | Reached XP level 4. HP: 33/33 MP: 4/4
   175 | D:4      | Reached skill level 8 in Stealth
   281 | D:4      | You pick up a book of Alchemy and begin reading...
   281 | D:4      | You add the spells Sublimation of Blood, Petrify and
                  | Irradiate to your library.
   574 | D:3      | Reached XP level 5. HP: 32/37 MP: 5/5
  1243 | D:1      | Gained mutation: You cannot study or use magical devices.
                  | [Ru sacrifice]
  1243 | D:1      | Reached * piety under Ru
  1243 | D:1      | Reached ** piety under Ru
  1381 | D:1      | Reached skill level 9 in Stealth
  1854 | D:2      | Noticed Natasha
  1863 | D:2      | Killed Natasha
  2064 | D:2      | Noticed Natasha
  2069 | D:2      | Killed Natasha
  2214 | D:2      | Reached XP level 6. HP: 43/43 MP: 6/6
  2224 | D:2      | Noticed Natasha
  2238 | D:2      | Killed Natasha
  2239 | D:2      | Reached skill level 10 in Stealth
  2439 | D:2      | Found an iron altar of Okawaru.
  2629 | D:3      | Found an opulent altar of Gozag.
  2629 | D:3      | Found a sparkling altar of Nemelex Xobeh.
  2700 | D:3      | Found a faded altar of an unknown god.
  2868 | D:3      | Found a hide-covered altar of Uskayaw.
  3583 | D:4      | Reached skill level 11 in Stealth
  3846 | D:3      | Reached XP level 7. HP: 32/48 MP: 7/7
  4489 | D:5      | Gained mutation: Your cowardice makes you less effective in
                  | combat with threatening foes. [Ru sacrifice]
  4489 | D:5      | Reached *** piety under Ru
  4681 | D:5      | You add the spells Ignite Poison, Mephitic Cloud and
                  | Freezing Cloud to your library.
  4720 | D:5      | Reached skill level 12 in Stealth
  4849 | D:5      | HP: 12/48 [sky beast (6)]
  5171 | D:5      | Found a staircase to the Ecumenical Temple.
  5864 | D:5      | Reached skill level 13 in Stealth
  5864 | D:5      | Reached XP level 8. HP: 28/54 MP: 8/8
  6267 | D:6      | HP: 13/54 [poisoned by a water moccasin]
  6267 | D:6      | HP: 3/54 [water moccasin (10)]
  6268 | D:5      | Succumbed to a water moccasin's poison

Vanquished Creatures
  A sky beast (D:5)
  A centaur (D:5)
  2 phantoms
  2 scorpions (D:5)
  A wight (D:6)
  2 hounds
  An orc priest (D:5)
  Natasha (thrice) (D:2)
  4 iguanas
  9 gnolls
  3 adders
  2 ufetubi
  A worm (D:5)
  3 dart slugs
  9 orcs
  4 bats
  7 endoplasms
  A giant cockroach (D:3)
  5 hobgoblins
  2 kobolds
  4 quokkas
  5 ball pythons
  13 frilled lizards
  6 goblins
  7 rats
98 creatures vanquished.

Vanquished Creatures (others)
  A gnoll (D:5)
  4 plants
5 creatures vanquished.

Grand Total: 103 creatures vanquished

Table legend:
 A = Non-vault XP
 B = Vault XP
 C = Vault XP percentage of total XP
 D = Non-vault monster count
 E = Vault monster count
 F = Vault count percentage of total count
                 A         B        C        D         E       F
            +---------+---------+-------+---------+---------+-------
      Total |    1120 |     259 |  18.8 |      81 |      18 |  18.2
            +---------+---------+-------+---------+---------+-------
        D:1 |      30 |       3 |   9.1 |      16 |       2 |  11.1
        D:2 |      92 |      39 |  29.8 |      16 |       3 |  15.8
        D:3 |     190 |       0 |   0.0 |      17 |       0 |   0.0
        D:4 |     204 |      55 |  21.2 |      16 |       9 |  36.0
        D:5 |     428 |     162 |  27.5 |       8 |       4 |  33.3
        D:6 |     176 |       0 |   0.0 |       8 |       0 |   0.0
            +---------+---------+-------+---------+---------+-------

Illustrated notes

Table legend:
 A = Kills in this place as a percentage of kills in entire the game.
 B = Kills by you in this place as a percentage of kills by you in the entire game.
 C = Kills by friends in this place as a percentage of kills by friends in the entire game.
 D = Other kills in this place as a percentage of other kills in the entire game.
 E = Experience gained in this place as a percentage of experience gained in the entire game.
 F = Experience gained in this place divided by the number of levels of this place that you have seen.
                   A       B       C       D       E      F
               +-------+-------+-------+-------+-------+----------------------
         Total | 100.0 | 100.0 |   N/A | 100.0 | 100.0 | 229.8
       Dungeon | 100.0 | 100.0 |   N/A | 100.0 | 100.0 | 229.8
               +-------+-------+-------+-------+-------+----------------------

Table legend: (Time is in decaauts)
 A = Elapsed time spent in this place.
 B = Non-inter-level travel time spent in this place.
 C = Inter-level travel time spent in this place.
 D = Time resting spent in this place.
 E = Time spent auto-exploring this place.
 F = Levels seen in this place.
 G = Mean time per level.
                   A        B        C        D        E       F      G
               +--------+--------+--------+--------+--------+-----+--------+
         Total |   6281 |   6116 |    165 |   1959 |   3155 |   6 | 1046.8 |
       Dungeon |   6281 |   6116 |    165 |   1959 |   3155 |   6 | 1046.8 |
               +--------+--------+--------+--------+--------+-----+--------+

Top non-repeatable levels by time:
     D:5: 1784 daAuts
     D:3: 1358 daAuts
     D:4: 1248 daAuts
     D:1: 868 daAuts
     D:2: 860 daAuts
     D:6: 161 daAuts
